AoeStats
← Horizon

Hideout

508251720Analyzed
1v1 RM · 11d ago on Sep 21, 2026· 20m 28s· 2 players
Game mode
Random Map
Map size
Tiny (2 player)
Population
200
Speed
Normal
Resources
Standard
Victory
Conquest
Starting age
Dark Age
Ending age
Imperial Age
RankedLock teamsTeams togetherTeam positionsShared explorationLock speedFull tech treeHidden civsTurbo modeCheats
Victory
Defeat
🇦🇷 Khmer · Argentina
1547
+14
🇵🇰 Khmer · Pakistan
1505
-14
Horizon
10:34 Feudal Age
9:39 Loom
14:32 Castle Age
13:17 Double-Bit Axe
13:14 Horse Collar
14:16 Town Watch
Frandir
7:40 Loom
9:25 Feudal Age
12:49 Castle Age
Connection lost

Rejoining the realm…

Still unreachable

The connection could not be restored.

Session expired

The server has moved on; the page needs a fresh start.